 Dungeon Crawl Stone Soup version 0.30-a0-964-gd452b5e7fa (webtiles) character file.

Game seed: 11672031209378768841

48 DeathPants the Grave Robber (level 3, -3/18 HPs)
             Began as a Vine Stalker Necromancer on Mar 30, 2023.
             Slain by a gnoll
             ... wielding a +0 flail
              (7 damage)
             ... on level 2 of the Dungeon.
             The game lasted 00:04:29 (841 turns).

DeathPants the Grave Robber (VSNe)                   Turns: 841, Time: 00:04:30

Health: -3/18      AC:  3    Str: 10    XL:     3   Next: 72%
Magic:  0/7        EV: 12    Int: 15    God:
Gold:   170        SH:  0    Dex: 16    Spells: 6/7 levels left

rFire   . . .      SeeInvis .    a - +2 sling (heavy)
rCold   . . .      Faith    .    (no shield)
rNeg    . . .      Spirit   +    c - +0 robe
rPois   .          Reflect  .    (no helmet)
rElec   .          Rampage  .    (no cloak)
rCorr   .                        (no gloves)
Will    .....                    o - +0 pair of boots
Stlth   ++                       (no amulet)
HPRegen 0.23/turn                (no ring)
MPRegen 0.10/turn                (no ring)

@: no status effects
A: fangs 2, magic shield, antimagic bite, no potion heal 2
a: no special abilities


You were on level 2 of the Dungeon.
You visited 1 branch of the dungeon, and saw 2 of its levels.

You collected 170 gold pieces.

Inventory:

Hand Weapons
 a - a +2 heavy sling (weapon)
 b - a +0 spear
 e - a +0 dagger
Missiles
 j - 5 poisoned darts
Armour
 c - a +0 robe (worn)
 o - a +0 pair of boots (worn)
Scrolls
 f - a scroll of brand weapon {unknown}
 g - a scroll of poison {unknown}
 h - a scroll of blinking {unknown}
 k - a scroll of enchant weapon {unknown}
 n - a scroll of teleportation {unknown}
 p - a scroll of noise {unknown}
Potions
 d - a potion of mutation {unknown}
 i - a potion of magic
 l - a potion of heal wounds {unknown}
 m - a potion of might {unknown}


   Skills:
 + Level 1.0 Fighting
 + Level 2.0 Dodging
 + Level 3.1 Stealth
 + Level 2.6 Spellcasting
 + Level 4.2 Necromancy


You had 6 spell levels left.
You knew the following spells:

 Your Spells              Type           Power      Damage    Failure   Level
a - Necrotise             Necr           56%        1d6       3%          1

Your spell library contained the following spells:

 Spells                   Type           Power      Damage    Failure   Level
 Vampiric Draining        Necr           14%        2d7       11%         3
 Animate Dead             Necr           14%        N/A       34%         4
 Agony                    Necr           14%        N/A       69%         5


Dungeon Overview and Level Annotations

Branches:
Dungeon (2/15)

Altars:


Innate Abilities, Weirdness & Mutations

You have extremely sharp teeth.
When hurt, damage is shared between your health and your magic reserves.
Your bite disrupts and absorbs the magic of your enemies.
Potions cannot restore your health.


Message History

The bat attacks as you move away! The bat misses you.
The bat hits you but does no damage. The bat hits you.
The bat attacks as you move away! The bat closely misses you.
The bat hits you but does no damage. The bat hits you.
The kobold throws a stone.
The stone barely misses you. The bat misses you.
Fire: a) +2 sling (heavy)
Press: ? - help, Q - select action, (/) - cycle Shift-Dir - straight line, f - gnoll
Aim: a gnoll, wielding a +0 whip (63% to hit)
You shoot a sling bullet.
The sling bullet closely misses the gnoll.
Fire: a) +2 sling (heavy)
Press: ? - help, Q - select action, (/) - cycle Shift-Dir - straight line, f/p - gnoll
Aim: a gnoll, wielding a +0 whip (63% to hit)
You shoot a sling bullet. The sling bullet hits the gnoll!
The gnoll is severely wounded.
The bat hits you. The bat barely misses you.
The bat hits you but does no damage. The gnoll hits you with a +0 whip.
Fire: a) +2 sling (heavy)
Press: ? - help, Q - select action, (/) - cycle Shift-Dir - straight line, f/p - gnoll
Aim: a gnoll, wielding a +0 whip (severely wounded, 63% to hit)
You shoot a sling bullet. The sling bullet hits the gnoll!
You kill the gnoll!
The bat hits you. The bat closely misses you.
Your Fighting skill increases to level 1!
The kobold attacks as you move away! The kobold hits you with a +0 dagger.
The gnoll barely misses you.
The kobold throws a stone.
The stone hits you but does no damage. The bat closely misses you.
The bat misses you.
There is a stone staircase leading up here.
You shoot a sling bullet. The sling bullet barely misses the bat.
The bat hits you but does no damage. The gnoll barely misses you.
The gnoll hits you from afar with a +3 halberd!
The gnoll hits you with a +0 flail.
The gnoll hits you from afar with a +0 spear.
* * * LOW HITPOINT WARNING * * *
The gnoll hits you with a +0 flail!
You die...

#....#.###g##...##
#....#.#....#....#
...........#.#...
#...#.###g.#..#.. #....
#..........
#####..####.#.###.#..
###...#gb.....#.....#..
#.....#ggK)...#.....#..
#.#...@#......#........
#)#..###......+........
#.#..###......#.#...#..
#...............#...#..
#..######....##.....#..
#.#.#.#.#.##.##........
#..........#.....##.###
###.##+##.#...#####....
#..#...#.....# #.^..


You could see 3 gnolls, a bat and a kobold.

Vanquished Creatures
  A gnoll (D:2)
  An adder (D:2)
  3 dart slugs (D:1)
  2 endoplasms
  A giant cockroach (D:1)
  2 goblins
  4 hobgoblins
  2 ball pythons (D:1)
  2 bats
  A frilled lizard (D:2)
  3 kobolds (D:1)
  3 rats (D:2)
25 creatures vanquished.

Notes
Turn   | Place    | Note
-------+----------+-------------------------------------------
     0 | D:1      | DeathPants the Vine Stalker Necromancer began the quest for
                  | the Orb.
     0 | D:1      | Reached XP level 1. HP: 9/9 MP: 4/4
   152 | D:1      | Reached XP level 2. HP: 10/14 MP: 4/6
   625 | D:1      | Reached XP level 3. HP: 17/17 MP: 7/7
   757 | D:2      | Found a faded altar of an unknown god.
   837 | D:2      | Reached skill level 1 in Fighting
   841 | D:2      | Slain by a gnoll

Illustrated notes

Levels and vault maps discovered:
D:1:      pf_arrival_petrified_forest, layout_loops_ring
D:2:      layout_basic, hellmonk_ecumenical_altar_lost_god,
          minmay_misc_feat_doors, minmay_misc_feat_tiny

Skill      XL: |  1  2  3 |
---------------+----------+-----
Stealth        | 3 |  3.1
Dodging        | 2 |  2.0
Fighting       | 1 |  1.0
Spellcasting   | |  2.6
Necromancy     | |  4.2

Action                     || total
---------------------------++-------
  Melee: Spear             ||    31
         Bite              ||    10
         Punch             ||     1
   Fire: Sling             ||    15
   Cast: Necrotise         ||     9
   Stab: Sleeping          ||     1
 Armour: Robe              ||    10
  Dodge: Dodged            ||    32

Table legend: (Time is in decaauts)
 A = Elapsed time spent in this place.
 B = Non-inter-level travel time spent in this place.
 C = Inter-level travel time spent in this place.
 D = Time resting spent in this place.
 E = Time spent auto-exploring this place.
 F = Levels seen in this place.
 G = Mean time per level.
                   A        B        C        D        E       F      G
               +--------+--------+--------+--------+--------+-----+--------+
         Total |    857 |    840 |     17 |      0 |    558 |   2 |  428.5 |
       Dungeon |    857 |    840 |     17 |      0 |    558 |   2 |  428.5 |
               +--------+--------+--------+--------+--------+-----+--------+

Top non-repeatable levels by time:
     D:1: 666 daAuts
     D:2: 191 daAuts
